 Dungeon Crawl Stone Soup version 0.29.1-1-gd02db6906a (webtiles) character file.

Game seed: 10152488350152145803

64876 mortz the Thaumaturge (level 15, -17/96 HPs)
             Began as a Human Summoner on Sept 26, 2022.
             Was a High Priest of Sif Muna.
             Killed from afar by a deep elf sorcerer (34 damage)
             ... with damnation
             ... on level 2 of the Abyss on Sept 28, 2022.
             The game lasted 05:29:02 (23503 turns).

mortz the Thaumaturge (Human Summoner)             Turns: 23503, Time: 05:29:03

Health: -17/96     AC: 21    Str: 17    XL:     15   Next: 55%
Magic:  16/41      EV: 13    Int: 22    God:    Sif Muna [*****.]
Gold:   2170       SH:  8    Dex: 16    Spells: 5/41 levels left

rFire   + + .      SeeInvis .   a - +1 whip "Pyechaezi" {flame, rF+ MP+9 Str+2}
rCold   . . .      Faith    .   C - +3 buckler of Xiuczout {Fly rF+ Will- Str+3}
rNeg    . . .      Spirit   .   E - +4 troll leather armour {Snorg}
rPois   .          Reflect  .   q - +2 hat {Will+}
rElec   .          Harm     .   u - scarf {repulsion}
rCorr   .          Rampage  .   w - +2 pair of gloves {Str+3}
Will    +....                   l - +3 pair of boots of Okawaru {Dex+2}
Stlth   +++.......              N - amulet of magic regeneration
HPRegen 0.00/turn               F - ring of wizardry
MPRegen 0.67/turn               H - +4 ring of protection

@: sick, flying, studying Stealth, repel missiles
A: no striking features
a: Renounce Religion, Channel Magic, Forget Spell, Divine Exegesis


You were on level 2 of the Abyss.
You worshipped Sif Muna.
Sif Muna was extremely pleased with you.
You visited 4 branches of the dungeon, and saw 20 of its levels.
You visited the Abyss 1 time.
You also visited: Gauntlet and Volcano.

You collected 2312 gold pieces.
You spent 142 gold pieces at shops.

Inventory:

Hand Weapons
 a - the +1 whip "Pyechaezi" (weapon) {flame, rF+ MP+9 Str+2}
   (You found it on level 6 of the Dungeon)

   It burns those it strikes, dealing additional fire damage.
   Str:       It affects your strength (+2).
   rF:        It protects you from fire.
   MP:        It affects your magic capacity (+9).
 b - a +7 dagger of venom
Missiles
 n - 12 poisoned darts (quivered)
Armour
 e - a +2 ring mail of poison resistance
 i - a +1 leather armour of fire resistance
 l - the +3 pair of boots of Okawaru (worn) {Dex+2}
   (You found it on level 9 of the Dungeon)

   Dex:       It affects your dexterity (+2).
 o - a +2 ring mail of cold resistance
 q - a +2 hat of willpower (worn)
 u - a scarf of repulsion (worn)
 w - a +2 pair of gloves of strength (worn)
 x - the +0 leather armour of Ivu Vaufog {Fly rC+}
   (You found it on level 9 of the Dungeon)

   rC:        It protects you from cold.
   Fly:       It grants you flight.
 C - the +3 buckler of Xiuczout (worn) {Fly rF+ Will- Str+3}
   (You acquired it on level 1 of the Lair of Beasts)

   Str:       It affects your strength (+3).
   rF:        It protects you from fire.
   Fly:       It grants you flight.
   Will:      It decreases your willpower.
 D - +0 acid dragon scales
 E - a +4 troll leather armour (worn) {Snorg}
Magical Staves
 g - a staff of conjuration
Jewellery
 k - the ring of Curiosity {rElec EV+4}
   (You found it in a Gauntlet)

   [ring of evasion]

   EV:        It affects your evasion (+4).
   rElec:     It insulates you from electricity.
 F - a ring of wizardry (left hand)
 H - a +4 ring of protection (right hand)
 M - an amulet of regeneration
 N - an amulet of magic regeneration (around neck)
 P - a +6 ring of strength
 X - a +6 ring of dexterity
Wands
 c - a wand of digging (1)
 y - a wand of acid (8)
 G - a wand of polymorph (8)
 I - a wand of flame (36)
 R - a wand of charming (24)
 Y - a wand of roots (3)
 Z - a wand of mindburst (3)
Scrolls
 d - a scroll of poison
 j - a scroll of identify
 t - 6 scrolls of teleportation
 Q - 2 scrolls of butterflies
 S - 2 scrolls of fear
 T - a scroll of enchant weapon
Potions
 m - 4 potions of cancellation
 p - 6 potions of curing
 s - 4 potions of heal wounds
 v - 4 potions of resistance
 z - 3 potions of brilliance
 A - 6 potions of haste
 J - 3 potions of might
 K - 6 potions of invisibility
 V - 2 potions of magic
 W - 5 potions of mutation
Miscellaneous
 f - a condenser vane
 h - a box of beasts
 r - a phantom mirror
 L - a phial of floods


   Skills:
 - Level 2.4 Fighting
 - Level 1.2(1.4) Short Blades
 - Level 0.9(1.2) Long Blades
 - Level 3.2 Maces & Flails
 - Level 1.0 Throwing
 - Level 2.5 Armour
 - Level 4.1 Dodging
 - Level 5.1 Stealth
 - Level 3.7 Shields
 - Level 13.9 Spellcasting
 + Level 10.5 Conjurations
 - Level 6.6 Hexes
 - Level 13.5 Summonings
 - Level 0.1 Translocations
 - Level 3.6 Fire Magic
 - Level 2.9 Air Magic
 - Level 8.5 Invocations
 - Level 0.1 Evocations


You had 5 spell levels left.
You knew the following spells:

 Your Spells              Type           Power      Damage    Failure   Level
b - Call Imp              Summ           66%        N/A       1%          2
c - Call Canine Familiar  Summ           66%        N/A       1%          3
d - Summon Guardian Gole  Hex/Summ       56%        N/A       1%          3
e - Summon Lightning Spi  Summ/Air       51%        N/A       1%          4
f - Inner Flame           Hex/Fire       37%        N/A       1%          3
g - Apportation           Tloc           32%        N/A       2%          1
h - Orb of Destruction    Conj           28%        9d9       26%         7
i - Summon Cactus Giant   Summ           33%        N/A       1%          6
j - Spellforged Servitor  Conj/Summ      31%        N/A       16%         7

Your spell library contained the following spells:

 Spells                   Type           Power      Damage    Failure   Level
 Summon Small Mammal      Summ           100%       N/A       1%          1
 Static Discharge         Conj/Air       44%        3-9/arc   1%          2
 Confusing Touch          Hex            44%        N/A       1%          3
 Dazzling Flash           Conj/Hex       100%       N/A       1%          3
 Portal Projectile        Hex/Tloc       60%        N/A       1%          3
 Tukima's Dance           Hex            44%        N/A       1%          3
 Cause Fear               Hex            22%        N/A       1%          4
 Iskenderun's Battlesphe  Conj           57%        2d11      1%          5
 Summon Mana Viper        Hex/Summ       56%        N/A       1%          5
 Necrotise                Necr           60%        1d7       2%          1
 Swiftness                Air            28%        N/A       2%          3
 Blink                    Tloc           32%        N/A       3%          2
 Fireball                 Conj/Fire      23%        3d11      4%          5
 Lightning Bolt           Conj/Air       22%        1d37      4%          5
 Summon Forest            Summ/Tloc      22%        N/A       4%          5
 Leda's Liquefaction      Hex/Erth       14%        N/A       6%          4
 Lesser Beckoning         Tloc           16%        N/A       8%          3
 Yara's Violent Unravell  Hex/Tmut       14%        3d7       17%         5
 Dispel Undead            Necr           15%        3d10      26%         4
 Ice Form                 Ice/Tmut       15%        N/A       26%         4
 Manifold Assault         Tloc           16%        N/A       52%         5
 Blade Hands              Tmut           7%         N/A       54%         5
 Summon Hydra             Summ           33%        N/A       9%          7
 Conjure Ball Lightning   Conj/Air       22%        3x3d6     24%         6
 Haunt                    Necr/Summ      22%        N/A       75%         7
 Eringya's Noxious Bog    Tmut/Pois      7%         N/A       98%         6
 Discord                  Hex            22%        N/A       100%        8
 Maxwell's Capacitive Co  Air            14%        ∞         100%        8


Dungeon Overview and Level Annotations

Branches:
Dungeon (13/15) Zot: 25972  Temple (1/1) D:4 Zot: 5820    Lair (5/5) D:8 Zot: 23037
 Shoals (0/4) Lair:2       Spider (0/4) Lair:3        Slime (0/5) Lair:5
    Orc (1/2) D:9 Zot: 5996 Volcano (visited)         Gauntlet (visited)
 Vaults: D:13-14

Altars:
Ashenzari
Cheibriados
Dithmenos
Elyvilon
Fedhas
Gozag
Hepliaklqana
Kikubaaqudgha
Makhleb
Nemelex Xobeh
Okawaru
Qazlal
Ru
Sif Muna
Trog
Uskayaw
Vehumet
Wu Jian
Xom
Yredelemnul
Zin
The Shining One
Jiyva

Shops:
D:13 [?

Annotations:
D:10 1 runed translucent door, cdecastro's ghost, novice MiAK
Lair:2 exclusion: oklob plant
Orc:1 Sonja


Message History

Casting: Summon Cactus Giant (dangerous; 1% risk of failure)
Confirm with . or Enter, or press ? or * to list all spells.
You are suddenly pulled into a different region of the Abyss!
You block the deep elf sorcerer's attack.
The deep elf sorcerer attacks as you move away!
The deep elf sorcerer hits you but does no damage.
Casting: Summon Cactus Giant (dangerous; 1% risk of failure)
Confirm with . or Enter, or press ? or * to list all spells.
The deep elf sorcerer mumbles some strange words.
The deep elf sorcerer seems to speed up.
Casting: Summon Cactus Giant (dangerous; 1% risk of failure)
Confirm with . or Enter, or press ? or * to list all spells.
The deep elf sorcerer completely misses you.
Your cactus giant hits the deep elf sorcerer with a +0 giant spiked club!
The deep elf sorcerer is struck by your cactus giant's spines.
The deep elf sorcerer barely misses your cactus giant.
The deep elf sorcerer hits something with a +0 rapier!
You swap places.
The deep elf sorcerer hits something with a +0 rapier!
The deep elf sorcerer points at something and mumbles some strange words.
Your warg barely misses the deep elf sorcerer.
The deep elf sorcerer casts a spell at something.
The deep elf sorcerer mumbles some strange words.
The deep elf sorcerer shimmers violently.
The deep elf sorcerer gestures at your warg while chanting.
The sphere of damnation explodes!
The damnation engulfs your warg!!!
Your warg dies!
Your warg's corpse disappears in a puff of smoke!
The deep elf sorcerer gestures at you while chanting.
You resist with significant effort.
Casting: Call Canine Familiar (safe; 1% risk of failure)
Confirm with . or Enter, or press ? or * to list all spells.
The deep elf sorcerer becomes larger for a moment.
The deep elf sorcerer casts a spell at you.
The bolt of acid hits your cactus giant!!
The acid corrodes your cactus giant! The bolt of acid hits you!!
* * * LOW HITPOINT WARNING * * *
The deep elf sorcerer points at you and mumbles some strange words.
The sphere of damnation explodes!
The damnation engulfs you!!
You die...

##.##.#..#
..#.# # ##.....
# #..##.
...#.##e###..#
#. .
##.#...#.#..# .
##....#.C....##
##.....#.#.#..#
#.
#..#.###..#.#.#
....#...#.#..#
..#.......@# .#
#
#####..##....#
#.. #.#.# #.#
..# #. .# #. .#
.. . #.


You could see a deep elf sorcerer (fast, ally target) and a friendly cactus
giant (summoned, corroded).

Vanquished Creatures
  A minotaur (Gauntlet)
  A boulder beetle (Lair:5)
  Nergalle (Lair:3)
  A goliath frog (Lair:5)
  A deep elf pyromancer (D:12)
  A glowing shapeshifter (Gauntlet)
  A cyclops (D:13)
  4 elephants (Lair:4)
  A manticore (Lair:4)
  2 black mambas
  8 cane toads
  6 rime drakes
  A yaktaur (D:13)
  An unseen horror (D:12)
  2 komodo dragons (Lair:4)
  2 tyrant leeches (Lair:5)
  2 trolls
  A hornet (D:9)
  3 blink frogs (Lair:3)
  2 dream sheep (Lair:3)
  3 wyverns
  A culicivora (Lair:3)
  10 yaks
  3 basilisks (Lair:4)
  A redback (Lair:3)
  2 vampire mosquitoes (Lair:5)
  An orc warrior (D:9)
  A black bear (Lair:3)
  14 wolves
  A centaur (Volcano)
  A phantom (D:7)
  2 kobold brigands (D:9)
  A necrophage (D:8)
  4 bullfrogs
  A gnoll sergeant (D:9)
  A scorpion (D:4)
  2 wights
  A killer bee (D:7)
  A jelly (D:5)
  A hound (D:4)
  An iguana (D:5)
  3 orc wizards
  6 hell rats
  A worm (D:2)
  5 orcs
  3 bats
  An endoplasm (D:2)
  3 giant cockroaches
  2 goblins (D:1)
  5 hobgoblins
  3 kobolds
  2 frilled lizards
129 creatures vanquished.

Vanquished Creatures (collateral kills)
  A red draconian (Volcano)
  Snorg (Lair:4)
  Erolcha (D:9)
  A catoblepas (D:13)
  4 hydras
  4 two-headed ogres
  A centaur warrior (D:13)
  A death scarab (Gauntlet)
  A thrashing horror (Abyss:2)
  Amaemon (D:8)
  A lindwurm (Lair:5)
  A cyclops (D:12)
  An ugly thing (D:9)
  2 elephants
  3 manticores
  15 cane toads
  The ghost of Iamsock the Slasher, a novice GnWn of Makhleb (D:5)
  A torpor snail (Lair:2)
  8 komodo dragons
  5 rime drakes (Lair:4)
  An efreet (Abyss:2)
  A yaktaur (shapeshifter) (Gauntlet)
  5 trolls
  A polar bear (Lair:1)
  A tyrant leech (Lair:5)
  Prince Ribbit (D:9)
  A wind drake (Lair:2)
  12 blink frogs (Lair:5)
  2 dream sheep (Lair:3)
  7 slime creatures (D:13)
  A spectral black mamba (Gauntlet)
  A culicivora (Lair:3)
  24 yaks
  A ynoxinul (Abyss:2)
  A fire bat (shapeshifter) (Gauntlet)
  9 wyverns
  A hog (shapeshifter) (D:13)
  4 wraiths
  3 basilisks
  Grum (Lair:1)
  2 steam dragons
  6 vampire mosquitoes
  8 water moccasins
  2 acid dragons (D:12)
  An ice beast (D:6)
  A sky beast (D:7)
  A small abomination (Gauntlet)
  4 orc warriors
  3 black bears
  3 ogres
  9 wolves (Lair:1)
  5 centaurs
  A phantom (D:5)
  A kobold brigand (D:10)
  A necrophage (D:7)
  A gnoll sergeant (D:7)
  8 bullfrogs
  2 scorpions
  15 wights
  3 killer bees (D:8)
  Dowan (D:5)
  An electric eel (Lair:5)
  6 howler monkeys
  2 quasits (Abyss:2)
  A jelly (D:6)
  9 orc priests
  2 hounds
  4 hell rats
  An iguana (D:5)
  9 orc wizards
  7 gnolls
  8 adders
  2 worms (D:2)
  3 dart slugs
  48 orcs
  7 ball pythons
  4 bats
  5 endoplasms
  2 giant cockroaches
  5 goblins
  7 hobgoblins
  3 jackals (D:5)
  2 quokkas
  4 frilled lizards
  10 kobolds
  5 rats
367 creatures vanquished.

Vanquished Creatures (others)
  A centaur warrior (Volcano)
  A cane toad (Lair:4)
  2 gargoyles (D:12)
  An orange demon (D:8)
  2 yaktaurs (Volcano)
  A komodo dragon (Lair:4)
  A troll (D:10)
  A blink frog (Lair:3)
  11 yaks
  2 culicivoras (Lair:3)
  2 wyverns (Lair:4)
  A basilisk (Lair:4)
  A water moccasin (Lair:3)
  Duvessa (D:5)
  Edmund (D:4)
  A wolf (Lair:3)
  2 centaurs (D:10)
  An iguana (D:4)
  A quokka (D:3)
  55 fungi
  101 plants
190 creatures vanquished.

Grand Total: 686 creatures vanquished

Notes
Turn   | Place    | Note
-------+----------+-------------------------------------------
     0 | D:1      | mortz the Human Summoner began the quest for the Orb.
     0 | D:1      | Reached XP level 1. HP: 13/13 MP: 3/3
   425 | D:1      | Reached XP level 2. HP: 19/19 MP: 3/5
   682 | D:1      | Learned a level 2 spell: Call Imp
   761 | D:1      | Reached XP level 3. HP: 17/24 MP: 6/6
  1931 | D:2      | Reached XP level 4. HP: 31/31 MP: 5/7
  2005 | D:2      | Found a faded altar of an unknown god.
  3041 | D:2      | Found a faded altar of an unknown god.
  3412 | D:2      | Identified a scroll of acquirement
  3412 | D:2      | Acquired a +2 hat of willpower
  3622 | D:3      | Identified the +2 robe "Lipiu" {rN+ Int+2}
  3637 | D:3      | Learned a level 3 spell: Call Canine Familiar
  3786 | D:3      | Reached XP level 5. HP: 36/36 MP: 1/9
  4009 | D:3      | Reached skill level 1 in Fighting
  4183 | D:3      | Reached skill level 5 in Summonings
  4192 | D:3      | Learned a level 3 spell: Summon Guardian Golem
  4706 | D:4      | Noticed Edmund
  4745 | D:4      | Noticed an ogre
  4983 | D:4      | Killed an ogre
  4984 | D:4      | Reached skill level 1 in Short Blades
  4984 | D:4      | Reached XP level 6. HP: 43/43 MP: 4/11
  5079 | D:4      | Killed Edmund
  5080 | D:4      | Reached XP level 7. HP: 31/48 MP: 5/13
  5088 | D:4      | Reached skill level 1 in Hexes
  5433 | D:4      | Found a staircase to the Ecumenical Temple.
  5448 | Temple   | Entered the Ecumenical Temple
  5460 | Temple   | Became a worshipper of Sif Muna the Loreminder
  6107 | D:5      | Entered Level 5 of the Dungeon
  6305 | D:5      | Noticed Duvessa
  6308 | D:5      | Noticed Dowan
  6320 | D:5      | Killed Duvessa
  6346 | D:5      | Killed Dowan
  6347 | D:5      | Reached skill level 5 in Spellcasting
  6347 | D:5      | Reached XP level 8. HP: 42/54 MP: 3/15
  6713 | D:5      | Acquired the Omnibus of Hexing
  6768 | D:5      | Found a runed translucent gate.
  6768 | D:5      | Found a runed translucent gate.
  6770 | D:5      | Found a runed translucent gate.
  6813 | D:5      | Noticed Iamsock's ghost (novice GnWn)
  7390 | D:6      | Identified the +1 whip "Pyechaezi" {flame, rF+ MP+9 Str+2}
  7511 | D:6      | Noticed a wraith
  7522 | D:6      | Killed a wraith
  7557 | D:6      | Reached XP level 9. HP: 59/59 MP: 18/18
  7696 | D:6      | Reached * piety under Sif Muna
  8244 | D:6      | Found a stormy altar of Qazlal.
  8609 | D:7      | Reached skill level 1 in Shields
  8938 | D:7      | Reached ** piety under Sif Muna
  9214 | D:8      | Reached skill level 1 in Conjurations
  9244 | D:8      | Reached XP level 10. HP: 65/65 MP: 22/22
  9273 | D:8      | Reached skill level 1 in Maces & Flails
  9358 | D:8      | Noticed Amaemon
  9366 | D:8      | Noticed an orange demon
  9379 | D:8      | Killed Amaemon
  9400 | D:8      | Killed an orange demon
  9823 | D:8      | Found a staircase to the Lair.
  9835 | D:8      | Noticed an elephant
  9862 | D:8      | Killed an elephant
  9882 | D:8      | Reached XP level 11. HP: 62/72 MP: 24/24
 10326 | D:9      | Found a staircase to the Orcish Mines.
 10434 | D:9      | Noticed Erolcha
 10451 | D:9      | Reached *** piety under Sif Muna
 10464 | D:9      | Reached skill level 10 in Summonings
 10585 | D:9      | Identified the +3 pair of boots of Okawaru {Dex+2}
 10741 | D:5      | Killed Iamsock's ghost
 10742 | D:5      | Reached skill level 5 in Conjurations
 10993 | D:9      | Noticed Prince Ribbit
 11004 | D:9      | Killed Prince Ribbit
 11025 | D:9      | Found a runed translucent door.
 11041 | D:9      | Noticed a white ugly thing
 11186 | D:9      | Found a radiant altar of Vehumet.
 11257 | Orc:1    | Entered Level 1 of the Orcish Mines
 11257 | Orc:1    | Noticed Sonja
 11281 | D:10     | Entered Level 10 of the Dungeon
 11302 | D:10     | Reached skill level 10 in Spellcasting
 11303 | D:10     | Reached skill level 1 in Invocations
 11427 | D:10     | Found a shadowy altar of Dithmenos.
 11453 | D:10     | Found a runed translucent door.
 11460 | D:10     | Found a shimmering altar of Xom.
 11460 | D:10     | Noticed cdecastro's ghost (novice MiAK)
 11460 | D:10     | Noticed a +2 trident of chaos
 12003 | D:10     | Noticed a two-headed ogre
 12011 | D:10     | Killed a two-headed ogre
 12130 | D:10     | Reached skill level 1 in Throwing
 12325 | Lair:1   | Entered Level 1 of the Lair of Beasts
 12349 | Lair:1   | Reached XP level 12. HP: 76/78 MP: 26/26
 12423 | Lair:1   | Acquired the +3 buckler of Xiuczout {Fly rF+ Will- Str+3}
 12478 | Lair:1   | Noticed Grum
 12495 | Lair:1   | Killed Grum
 12642 | Lair:1   | Reached **** piety under Sif Muna
 13219 | Lair:1   | Reached skill level 1 in Armour
 13436 | Lair:2   | Found a staircase to the Shoals.
 13589 | Lair:2   | Found a dark tunnel.
 13596 | Volcano  | Entered a volcano
 13636 | Volcano  | Noticed a centaur warrior
 13639 | Volcano  | Found a radiant altar of Vehumet.
 13641 | Volcano  | Noticed a red draconian
 13765 | Volcano  | Killed a centaur warrior
 13818 | Volcano  | Killed a red draconian
 14133 | Lair:2   | Learned a level 4 spell: Summon Lightning Spire
 14357 | Lair:2   | Found a sacrificial altar of Ru.
 14434 | Lair:2   | Learned a level 3 spell: Inner Flame
 14745 | Lair:2   | Learned a level 1 spell: Apportation
 15293 | Lair:3   | Reached XP level 13. HP: 80/85 MP: 25/28
 15479 | Lair:3   | Reached skill level 5 in Invocations
 15596 | Lair:3   | Reached skill level 1 in Air Magic
 15597 | Lair:3   | Reached skill level 5 in Stealth
 15779 | Lair:3   | Reached skill level 1 in Fire Magic
 15855 | Lair:3   | Reached ***** piety under Sif Muna
 15886 | Lair:3   | Reached skill level 5 in Hexes
 15958 | Lair:3   | Learned a level 7 spell: Orb of Destruction
 15993 | Lair:3   | Received a gift from Sif Muna
 15994 | Lair:3   | Got Sif Muna's Vademecum on Black Magic {god gift}
 16017 | Lair:3   | Noticed Nergalle
 16025 | Lair:3   | Killed Nergalle
 16180 | Lair:3   | Acquired 749 gold pieces
 16380 | Lair:3   | Found a hole to the Spider Nest.
 16644 | Lair:4   | Noticed a seven-headed hydra
 16649 | Lair:4   | Killed a seven-headed hydra
 17159 | Lair:4   | Reached XP level 14. HP: 90/91 MP: 30/30
 17256 | Lair:4   | Noticed Snorg
 17315 | Lair:4   | Killed Snorg
 17934 | Lair:5   | Entered Level 5 of the Lair of Beasts
 18189 | Lair:5   | Received a gift from Sif Muna
 18205 | Lair:4   | Learned a level 6 spell: Summon Cactus Giant
 18481 | Lair:4   | Learned a level 7 spell: Spellforged Servitor
 19402 | Lair:5   | Found a staircase to the Slime Pits.
 19403 | Lair:5   | Found a viscous altar of Jiyva.
 19653 | D:9      | Killed Erolcha
 19743 | D:9      | Reached XP level 15. HP: 96/96 MP: 14/32
 19801 | D:9      | Identified the +0 leather armour of Ivu Vaufog {Fly rC+}
 19997 | D:11     | Received a gift from Sif Muna
 21644 | D:13     | Found Leenias's Magic Scroll Boutique.
 21653 | D:13     | Bought a scroll of summoning for 142 gold pieces
 21685 | D:13     | Found an iron altar of Okawaru.
 21970 | D:13     | Found a gate leading to a gauntlet.
 21976 | Gauntlet | Entered a Gauntlet
 21976 | Gauntlet | Found a transporter.
 21976 | Gauntlet | Found a runed translucent gate.
 21976 | Gauntlet | Found a transporter.
 21982 | Gauntlet | Found a transporter.
 21984 | Gauntlet | Found a runed translucent gate.
 21984 | Gauntlet | Found a runed translucent gate.
 21995 | Gauntlet | Found a transporter.
 22013 | Gauntlet | Found a transporter.
 22013 | Gauntlet | Found a transporter.
 22016 | Gauntlet | Found a transporter.
 22016 | Gauntlet | Found a transporter.
 22017 | Gauntlet | Found a transporter.
 22030 | Gauntlet | Found a transporter.
 22048 | Gauntlet | Found a transporter.
 22056 | Gauntlet | Found a runed translucent door.
 22058 | Gauntlet | Found a transporter.
 22060 | Gauntlet | Found a runed translucent door.
 22073 | Gauntlet | Found a transporter.
 22093 | Gauntlet | Found a transporter.
 22226 | Gauntlet | Identified the ring of Curiosity {rElec EV+4}
 22231 | Gauntlet | Noticed a quicksilver ooze
 22231 | Gauntlet | a quicksilver ooze changed into a spark wasp
 22416 | Gauntlet | Got the Atlas of Icy Lightning
 22543 | D:13     | Found Gufofag's Antique Armour Shoppe.
 22679 | D:13     | Reached skill level 10 in Conjurations
 22863 | D:13     | Found a blossoming altar of Fedhas.
 23139 | Abyss:2  | Cast into level 2 of the Abyss (Sonja)
 23159 | Abyss:2  | Noticed a daeva
 23285 | Abyss:2  | Noticed a tentacled starspawn
 23351 | Abyss:2  | Found a corrupted altar of Lugonu.
 23417 | Abyss:2  | Noticed a bone dragon
 23452 | Abyss:2  | Noticed a deep elf sorcerer
 23454 | Abyss:2  | HP: 4/96 [starcursed mass/accursed screaming (11)]
 23460 | Abyss:2  | HP: 4/96 [deep elf sorcerer/bolt of acid (13)]
 23503 | Abyss:2  | Killed from afar by a deep elf sorcerer

Illustrated notes

Levels and vault maps discovered:
D:1:      giann_forest_graveyard, layout_basic, serial_glass, glass_columns_a,
          glass_columns_a
D:2:      layout_basic, shapermc_ecumenical_altar_totnotflames
D:3:      layout_basic, chequers_serial_rivers_large_a, st_stairs_10
D:4:      layout_cave_pools, minmay_temple_entry_statues_fountains, uniq_edmund
D:5:      layout_loops_ring, serial_glass, glass_columns_c, glass_columns_b,
          biasface_ghost_orc_armoury, minmay_diced_spiral, uniq_duvessa
D:6:      layout_basic, general_overflow_altar
D:7:      layout_cave_pools
D:8:      layout_rooms, david_lair_generic, chequers_arboretum,
          david_defended_altar_orc, uniq_amaemon
D:9:      layout_rooms, vehumet_crystals, david_orc_2, minmay_st_funbox,
          uniq_prince_ribbit1, uniq_erolcha
D:10:     layout_roguey, grunt_dithmenos_smoke_and_mirrors, ebering_ghost_xom,
          kennysheep_potato
D:11:     layout_irregular_city, kennysheep_flooded_box
D:12:     layout_small_grid
D:13:     layout_roguey, serial_shops, nicolae_shop_statue_plus,
          nicolae_shop_statue_plus, gauntlet_entry_generic,
          hangedman_feature_mirror
Temple:   nicolae_temple_bog_church
Lair:1:   layout_layer_cave, uniq_grum
Lair:2:   dpeg_oklob_gauntlet, layout_cellular_growth,
          minmay_shoals_entry_beasts, basic_altar, enter_volcano_2
Lair:3:   layout_hall_layers, spider_nest_entry_funnel_web, beast_lair_carwin_5,
          grunt_megastairs_3, uniq_nergalle
Lair:4:   layout_roguey [special_room_mythical_zoo], uniq_snorg
Lair:5:   minmay_lair_end_frog_pond, layout_regular_city, slime_entry_1
Orc:1:    layout_diamond_mine, uniq_sonja
Abyss:2:  base: D:9, hangedman_cross_veins, spicy_abyss_unhelpful_harpoons,
          bh_silent_lugonu_exit, kilobyte_mutagenic_chamber,
          hangedman_abyss_theft

Skill      XL: |  1  2  3  4  5  6  7  8  9 10 11 12 13 14 15 |
---------------+----------------------------------------------+-----
Fighting       | 1 2 |  2.4
Summonings     | 5 6 7 8 9 10 11 12 13 | 13.5
Spellcasting   | 3 4 5 6 8 9 10 11 12 13 | 13.9
Short Blades   | 1 |  1.2
Hexes          | 1 2 3 4 5 6 |  6.6
Stealth        | 3 4 5 |  5.1
Shields        | 1 2 3 |  3.7
Dodging        | 3 4 |  4.1
Conjurations   | 1 4 5 6 8 9 10 | 10.5
Maces & Flails | 1 2 3 |  3.2
Invocations    | 2 4 6 7 8 |  8.5
Throwing       | 1 |  1.0
Armour         | 1 2 |  2.5
Air Magic      | 1 2 |  2.9
Fire Magic     | 2 3 |  3.6
Long Blades    | |  0.9
Translocations | |  0.1
Evocations     | |  0.1

Action                   |  1- 3 |  4- 6 |  7- 9 | 10-12 | 13-15 || total
-------------------------+-------+-------+-------+-------+-------++-------
Melee: Club              |    18 |       |       |       |       ||    18
       Hand axe          |     8 |       |       |       |       ||     8
       Dagger            |    30 |       |       |       |       ||    30
       Short sword       |     5 |    45 |    14 |     1 |       ||    65
       Long sword        |       |       |    19 |       |       ||    19
       Whip              |       |       |    17 |   105 |    68 ||   190
Throw: Dart              |       |     2 |     2 |    32 |    33 ||    69
 Cast: Summon Small Mamm |    23 |    23 |    22 |    72 |    12 ||   152
       Call Imp          |     5 |    16 |    27 |    46 |    22 ||   116
       Call Canine Famil |       |    14 |    22 |    62 |   124 ||   222
       Summon Guardian G |       |     8 |    22 |    64 |    47 ||   141
       Summon Lightning  |       |       |       |     7 |    88 ||    95
       Apportation       |       |       |       |     5 |       ||     5
       Inner Flame       |       |       |       |     1 |   153 ||   154
       Summon Cactus Gia |       |       |       |       |    76 ||    76
Evoke: Wand              |       |       |       |     5 |       ||     5
  Use: Scroll            |     3 |     6 |    10 |    10 |    19 ||    48
       Potion            |       |     1 |       |       |     5 ||     6
 Stab: Sleeping          |     2 |     1 |     1 |     1 |     1 ||     6
       Distracted        |       |       |     2 |     1 |     3 ||     6
Armor: Robe              |    11 |    23 |    19 |    49 |       ||   102
       Troll leather arm |       |       |       |    45 |   158 ||   203
Dodge: Dodged            |    40 |    37 |    36 |   128 |   180 ||   421
       Repelled          |       |       |       |       |     1 ||     1
Block: Kite shield       |       |       |    14 |    69 |       ||    83
       Buckler           |       |       |       |    54 |   127 ||   181
